 Dungeon Crawl Stone Soup version 0.19-a0-1068-g99dd0f4 (webtiles) character file.

6267 Gagarin the Grappler (level 10, 0/100 HPs)
             Began as a Troll Monk on Aug 4, 2016.
             Was a Priest of Elyvilon (penitent).
             Slain by a polar bear (25 damage)
             ... in an ice cave.
             The game lasted 00:27:20 (9240 turns).

Gagarin the Grappler (Troll Monk)                   Turns: 9240, Time: 00:27:21

Health: 0/100      AC:  6    Str: 21    XL:     10   Next: 62%
Magic:  11/11      EV: 15    Int:  6    God:    Elyvilon [*]
Gold:   373        SH:  0    Dex: 15    Spells: 1 memorised, 8 levels left

rFire  + . .     SeeInvis .       - Unarmed
rCold  + . .     Gourm    +     D - +0 robe {rC+ rF+}
rNeg   . . .     Faith    .     (no shield)
rPois  .         Spirit   .     (helmet restricted)
rElec  .         Dismiss  .     m - +0 cloak
rCorr  .         Reflect  .     (gloves unavailable)
SustAt .         Harm     .     (boots unavailable)
MR     +....                    (no amulet)
Stlth  +.........               (no ring)
                                w - ring of protection from magic

@: confused
A: unfitting armour, claws 3, fast metabolism 3, gourmand, regeneration 2,
shaggy fur 1, tough skin 2
a: Renounce Religion


You were in an ice cave.
You worshipped Elyvilon.
Elyvilon was demanding penance.
You were completely stuffed.

You visited 3 branches of the dungeon, and saw 11 of its levels.
You also visited: Ice Cave.

You collected 373 gold pieces.

Inventory:

Hand Weapons
 p - the +5 mace of Laesiohoy {freeze, rPois Str+3 Stlth+}
   (You found it on level 4 of the Dungeon)

   It has been specially enchanted to freeze those struck by it, causing extra
   injury to most foes and up to half again as much damage against particularly
   susceptible opponents.
   It can also slow down cold-blooded creatures.
   It affects your strength (+3).
   It protects you from poison.
   It makes you more stealthy.
 r - a +0 giant spiked club
Missiles
 e - 12 poisoned needles
 q - 5 tomahawks (quivered)
 t - 10 javelins
 G - a throwing net
Armour
 a - a +0 robe
 m - a +0 cloak (worn)
 D - a +0 robe of resistance (worn)
Magical Staves
 x - an uncursed staff of energy {unknown}
 K - an uncursed staff of cold {unknown}
Jewellery
 w - a ring of protection from magic (left claw)
Wands
 o - a wand of acid (7/15)
 s - a wand of digging (1/24)
 E - a wand of disintegration (12/24)
Scrolls
 h - 3 scrolls of identify
 l - a scroll of vulnerability {unknown}
 v - a scroll of blinking {unknown}
 y - a scroll of amnesia
 B - a scroll of enchant weapon {unknown}
 C - a scroll of magic mapping
 H - a scroll of holy word {unknown}
 I - a scroll of teleportation
 O - a scroll of remove curse
Potions
 c - a potion of might
 d - 2 potions of magic
 g - a potion of degeneration {unknown}
 i - 4 potions of brilliance
 j - 2 potions of heal wounds
 k - 2 potions of flight {unknown}
 A - a potion of ambrosia
 J - a potion of curing
 M - a potion of cancellation {unknown}
 N - a potion of cure mutation {unknown}
Books
 n - a book of Necromancy

   Spells                             Type                      Level
   a - Pain                           Necromancy                   1
   b - Animate Skeleton               Necromancy                   1
   c - Vampiric Draining              Necromancy                   3
   d - Regeneration                   Charms/Necromancy            3
   e - Animate Dead                   Necromancy                   4
   f - Control Undead                 Necromancy                   4
   Elyvilon disapproves of the use of such an item.
Comestibles
 b - 9 bread rations
 f - 8 beef jerkies
 u - 2 meat rations
 z - 7 fruits
 F - a royal jelly
 L - a slice of pizza


   Skills:
 + Level 6.6 Fighting
 + Level 1.3 Throwing
 + Level 8.5 Dodging
 + Level 3.8 Stealth
 + Level 8.9 Unarmed Combat
 + Level 0.4 Spellcasting
 + Level 0.7 Necromancy
 + Level 2.6 Invocations


You had 8 spell levels left.
You knew the following spells:

 Your Spells              Type           Power        Failure   Level  Hunger
a - Pain                  Necr           #...         38%         1    ##.....


Dungeon Overview and Level Annotations

Branches:
Dungeon (8/15)             Temple (1/1) D:4            Lair (2/6) D:8
  Swamp: Lair:2-4    Shoals: Lair:2-4     Snake: Lair:2-4    Spider: Lair:2-4

Altars:
Ashenzari
Cheibriados
Dithmenos
Elyvilon
Fedhas
Gozag
Hepliaklqana
Kikubaaqudgha
Makhleb
Nemelex Xobeh
Okawaru
Pakellas
Qazlal
Ru
Sif Muna
Trog
Uskayaw
Vehumet
Xom
Yredelemnul
Zin

Shops:
D:4 (

Annotations:
Lair:1 exclusion: oklob plant


Innate Abilities, Weirdness & Mutations

You are too large for most types of armour.
You have claws for hands.
Your metabolism is lightning-fast.
You like to eat raw meat.
You heal very quickly.
You are covered in fur. (AC +1)
You have very tough skin. (AC +2)


Message History

The polar bear bites you!!
The polar bear claws you but does no damage.
The polar bear claws you. The polar bear closely misses you.
The polar bear misses you.
The polar bear claws you but does no damage.
The polar bear bites you!! The polar bear barely misses you.
The polar bear claws you but does no damage.
You hear a howl!
You are confused.
You feel invigorated. The polar bear bites you!
* * * LOW HITPOINT WARNING * * *
The polar bear misses you. The polar bear completely misses you.
The polar bear misses you. The polar bear claws you.
* * * LOW HITPOINT WARNING * * *
The polar bear claws you.
* * * LOW HITPOINT WARNING * * *
A wolf comes into view.
You bump into the ice covered rock wall.
The polar bear bites you!!
You die...

#### ####
##..##
#..#####
#..∩.#
##.h....####
##....#
##..#....((.(
#..∩.##
#..#####.....
##...## ##h##
#... ###..#
#.@# ## #..#
#.## ##.###.#
#..##..#
#.###.##
##.##.##
#..##.#
#.###.#
##.###.#


You could see a polar bear (berserk) and a wolf.

Vanquished Creatures
  Pikel (D:4)
  The ghost of Tungsten the Frost Mage, a novice HEIE of Ashenzari (D:4)
  A spiny frog (Lair:1)
  A komodo dragon (D:8)
  A rime drake (Lair:1)
  2 yaks (IceCv)
  A basilisk (Lair:1)
  A hungry ghost (D:8)
  2 porcupines (Lair:1)
  A black bear (D:6)
  An orc warrior (D:6)
  A phantom (D:7)
  2 necrophages
  4 centaurs
  3 ogres
  A sky beast (D:7)
  5 wolves
  A crocodile (Lair:1)
  Blork the orc (D:6)
  6 giant frogs
  2 scorpions
  9 wights
  2 crimson imps
  A giant frog zombie (D:8)
  A quasit (D:8)
  An orc priest (D:3)
  A centaur skeleton (D:8)
  A gnoll shaman (D:8)
  Crazy Yiuf (D:4)
  2 giant frog skeletons (D:7)
  3 hounds
  A jelly (D:4)
  5 orc wizards
  Natasha (twice) (D:2)
  4 iguanas
  6 worker ants
  A killer bee zombie (D:8)
  2 hound zombies
  A worker ant zombie (D:6)
  12 gnolls
  5 adders
  2 shadow imps
  11 white imps (Lair:2)
  2 oozes
  An adder skeleton (D:4)
  2 worms
  4 giant geckos
  20 orcs
  17 giant cockroaches
  6 goblins
  3 hobgoblins (D:2)
  6 jackals
  6 kobolds
  5 quokkas
  A ball python skeleton (D:4)
  7 bats
  5 giant newts
  A quokka skeleton (D:5)
  6 rats
  A plant (D:8)
206 creatures vanquished.

Vanquished Creatures (others)
  2 killer bees (D:7)
  An orc wizard (D:3)
  A gnoll (D:8)
  An adder skeleton (D:5)
5 creatures vanquished.

Grand Total: 211 creatures vanquished

Notes
Turn   | Place    | Note
-------+----------+-------------------------------------------
     0 | D:1      | Gagarin the Troll Monk began the quest for the Orb.
     0 | D:1      | Reached XP level 1. HP: 22/22 MP: 0/0
   238 | D:1      | Reached XP level 2. HP: 29/29 MP: 1/1
   839 | D:2      | Noticed Natasha
   844 | D:2      | Killed Natasha
   844 | D:2      | Reached XP level 3. HP: 36/36 MP: 2/2
  1046 | D:2      | Noticed Natasha
  1051 | D:2      | Killed Natasha
  1051 | D:2      | Reached XP level 4. HP: 35/45 MP: 3/3
  1724 | D:3      | Reached XP level 5. HP: 24/53 MP: 4/4
  2095 | D:3      | Found an oddly glowing altar of Pakellas.
  2187 | D:4      | Noticed an ogre
  2272 | D:4      | Reached XP level 6. HP: 52/61 MP: 5/5
  2354 | D:3      | Found a shadowy altar of Dithmenos.
  2529 | D:4      | Found Renohocyg's Antique Weapon Shoppe.
  2545 | D:4      | Found a shimmering altar of Xom.
  2573 | D:4      | Found a white marble altar of Elyvilon.
  2667 | D:4      | Found a hide-covered altar of Uskayaw.
  2725 | D:4      | Noticed Tungsten's ghost (novice HEIE)
  2749 | D:3      | HP: 4/91 [poisoned by a scorpion]
  2751 | D:3      | HP: 1/91 [poisoned by a scorpion]
  2940 | D:4      | Found a staircase to the Ecumenical Temple.
  3077 | D:5      | Entered Level 5 of the Dungeon
  3240 | D:5      | Reached skill level 1 in Throwing
  3240 | D:5      | Reached XP level 7. HP: 58/68 MP: 6/6
  3324 | D:5      | Reached skill level 5 in Unarmed Combat
  3443 | D:5      | Found a sparkling altar of Nemelex Xobeh.
  3521 | D:5      | Found a radiant altar of Vehumet.
  3969 | D:6      | Noticed Blork the orc
  3977 | D:6      | Killed Blork the orc
  4262 | D:5      | Learned a level 1 spell: Pain
  4343 | D:6      | Reached skill level 5 in Dodging
  4343 | D:6      | Reached XP level 8. HP: 69/78 MP: 7/7
  4527 | D:6      | Found a shattered altar of Ashenzari.
  4855 | D:6      | Found a sacrificial altar of Ru.
  5476 | D:7      | Reached skill level 5 in Fighting
  5643 | Temple   | Entered the Ecumenical Temple
  5831 | D:4      | Became a worshipper of Elyvilon the Healer
  5831 | D:4      | Reached * piety under Elyvilon
  5831 | D:4      | Reached ** piety under Elyvilon
  5894 | D:4      | Killed Tungsten's ghost
  5894 | D:4      | Reached XP level 9. HP: 46/87 MP: 8/8
  6078 | D:4      | Found a runed door.
  6082 | D:4      | Noticed Crazy Yiuf
  6088 | D:4      | Killed Crazy Yiuf
  6093 | D:4      | Got a faintly glowing mace
  6227 | D:4      | Found a shadowy altar of Dithmenos.
  6243 | D:4      | Found a basalt altar of Yredelemnul.
  6245 | D:4      | Noticed Pikel
  6265 | D:4      | Killed Pikel
  6684 | D:7      | Reached skill level 1 in Invocations
  6929 | D:8      | Found a deep blue altar of Sif Muna.
  7101 | D:8      | Found a staircase to the Lair.
  7102 | D:8      | Noticed a komodo dragon
  7118 | D:8      | Killed a komodo dragon
  7219 | D:8      | Reached XP level 10. HP: 94/97 MP: 10/10
  7594 | D:8      | Identified the +5 mace of Laesiohoy {freeze, rPois Str+3 Stlth+} (You found it on level 4 of the Dungeon)
  8012 | Lair:1   | Entered Level 1 of the Lair of Beasts
  8085 | Lair:1   | Noticed an oklob plant
  8100 | Lair:1   | Reached *** piety under Elyvilon
  8458 | Lair:1   | Noticed a spiny frog
  8473 | Lair:1   | Killed a spiny frog
  8473 | Lair:1   | Was placed under penance by Elyvilon
  8887 | Lair:2   | Found a frozen archway.
  8938 | IceCv    | Entered an ice cave
  9240 | IceCv    | Slain by a polar bear

Vault maps used:
D:1:      dpeg_arrival_simpleton_a, st_stairs_12
D:2:      first_bread, minmay_liquid_box, uniq_natasha
D:3:      minmay_roachtagon, lemuel_round_altar, kennysheep_pointless_box,
          johnstein_pakellas_dig
D:4:      xom_teletrap_fun, lemuel_crystal_altar,
          eat_drink_and_be_merry_uskayaw, elyvilon_altar_1, serial_shops,
          kennysheep_little_box, nicolae_dithmenos_through_a_glass_darkly,
          uniq_crazy_yiuf_cottage, uniq_pikel
D:5:      nemelex_xobeh_ov_fountains_minmay, fiery_altar_vehumet
D:6:      ashenzari_conservatory_becter, old_standard_altar, uniq_blork_the_orc
D:7:      minmay_fire_ice_demons
D:8:      david_lair_shrubbed, serial_co_window_serial, co_window_paths_a,
          co_window_paths_a, co_window_corner_a, co_window_paths_b,
          co_window_paths_a, co_window_paths_c, co_window_of_opportunity_b,
          co_window_broadway_a, co_window_sun, glass_columns_b, glass_columns_a,
          grunt_ogre_cave, minivault_19, kennysheep_small_circle
Temple:   nicolae_temple_x_marks_the_god
Lair:1:   minmay_lair_oklob_tunnel
Lair:2:   minmay_shoals_entry_beasts, portal_ice_cave_entry_imps,
          lemuel_fruit_tree
IceCv:    ice_cave_caverns_01

Skill      XL: |  1  2  3  4  5  6  7  8  9 10 |
---------------+-------------------------------+-----
Fighting       | 3 4 5 6 |  6.6
Dodging        | 3 4 5 6 7 8 |  8.5
Unarmed Combat | 4 5 7 8 |  8.9
Throwing       | 1 |  1.3
Stealth        | 2 3 |  3.8
Invocations    | 2 |  2.6
Spellcasting   | |  0.4
Necromancy     | |  0.7

Action                   |  1- 3 |  4- 6 |  7- 9 | 10-12 || total
-------------------------+-------+-------+-------+-------++-------
Melee: Unarmed           |    66 |   176 |   289 |   181 ||   712
       Punch             |     2 |     5 |     8 |     8 ||    23
Throw: Tomahawk          |       |    14 |     3 |     4 ||    21
 Cast: Pain              |       |       |     1 |       ||     1
Invok: Heal Other        |       |       |     7 |     3 ||    10
       Lesser Healing    |       |       |       |     2 ||     2
       Divine Protection |       |       |       |     1 ||     1
       Purification      |       |       |       |     1 ||     1
  Use: Potion            |       |    10 |     1 |     1 ||    12
       Scroll            |       |       |     8 |       ||     8
 Stab: Sleeping          |     3 |     1 |     5 |     3 ||    12
       Distracted        |       |       |       |     1 ||     1
  Eat: Chunk             |    15 |    20 |    32 |    25 ||    92
       Meat ration       |       |       |     1 |       ||     1
Armor: Robe              |    29 |    62 |    59 |    34 ||   184
       Skin              |       |     3 |     6 |       ||     9
Dodge: Dodged            |    36 |   127 |   162 |   144 ||   469
